 Dungeon Crawl Stone Soup version 0.25-a0-766-g0ecfff5982 (webtiles) character file.

Game seed: 6815553289515041475, levelgen mode: deterministic

1260 Error4North the Chopper (level 8, -7/70 HPs)
             Began as a Hill Orc Fighter on Apr 13, 2020.
             Killed by nerve-wracking pain
             ... invoked by a shadow imp
              (13 damage)
             ... on level 5 of the Dungeon.
             The game lasted 00:12:21 (3961 turns).

Error4North the Chopper (Hill Orc Fighter)          Turns: 3961, Time: 00:12:22

Health: -7/70      AC: 12    Str: 21    XL:     8   Next: 52%
Magic:  9/9        EV:  6    Int:  8    God:
Gold:   197        SH: 10    Dex: 10    Spells: 7/7 levels left

rFire    . . .     SeeInvis .   a - +1 war axe
rCold    . . .     Gourm    .   c - +0 kite shield
rNeg     . . .     Faith    .   u - +0 chain mail
rPois    .         Spirit   .   r - +0 helmet
rElec    .         Reflect  .   e - +0 cloak
rCorr    .         Harm     .   (no gloves)
MR       .....                  (no boots)
Stlth    ..........             (no amulet)
HPRegen  0.21/turn              g - ring of stealth
MPRegen  0.11/turn              n - ring of wizardry

@: no status effects
A: no striking features
a: no special abilities


You were on level 5 of the Dungeon.
You were not hungry.

You visited 1 branch of the dungeon, and saw 5 of its levels.

You collected 197 gold pieces.

Inventory:

Hand Weapons
 a - a +1 war axe (weapon)
Armour
 c - a +0 kite shield (worn)
 e - a +0 cloak (worn)
 r - a +0 helmet (worn)
 u - a +0 chain mail (worn)
Jewellery
 g - a ring of stealth (left hand)
 n - a ring of wizardry (right hand)
Wands
 j - a wand of iceblast (7)
 l - a wand of flame (29)
 o - a wand of polymorph (7)
Scrolls
 d - 2 scrolls of remove curse
 h - 3 scrolls of identify {unknown}
 i - a scroll of teleportation
 k - 2 scrolls of magic mapping {unknown}
 m - a scroll of immolation {unknown}
 p - a scroll of amnesia {unknown}
 q - a scroll of enchant weapon
Potions
 s - a potion of cancellation {unknown}
Comestibles
 b - 3 chunks of flesh
 f - 11 rations


   Skills:
 * Level 6.1 Fighting
 + Level 7.0 Axes
 * Level 5.9 Armour
 + Level 1.2 Dodging
 + Level 0.5 Stealth
 * Level 6.4 Shields
 * Level 2.2 Evocations


You had 7 spell levels left.
You didn't know any spells.
Your spell library contained the following spells:

 Spells                   Type           Power        Failure   Level  Hunger
 Infusion                 Chrm           #...         98%         1    ##.....
 Shroud of Golubria       Chrm/Tloc      #.....       99%         2    ###....
 Song of Slaying          Chrm           #.......     99%         2    ###....
 Ozocubu's Armour         Chrm/Ice       #.......     100%        3    ####...
 Spectral Weapon          Hex/Chrm       #.......     100%        3    ####...


Dungeon Overview and Level Annotations

Branches:
Dungeon (5/15)
 Temple: D:4-7

Altars:
Ashenzari

Annotations:
D:5 1 runed translucent door, Grendash's ghost, novice DDFi


Message History

The shadow imp hits you.
* * * LOW HITPOINT WARNING * * *
You block the crimson imp's attack. The shadow imp barely misses you.
You closely miss the shadow imp. You hit the crimson imp.
The crimson imp blinks!
The shadow imp hits you but does no damage.
You block the crimson imp's attack.
You slash the shadow imp!
The shadow imp is heavily wounded.
You slash the crimson imp!
You kill the crimson imp!
The shadow imp gestures at you. Pain shoots through your body!
* * * LOW HITPOINT WARNING * * *
You barely miss the shadow imp.
The shadow imp is heavily wounded.
The shadow imp hits you but does no damage.
The shadow imp gestures at you. Pain shoots through your body!
You die...

### #.####### ..#####
###....... #.....#
####.#.#..#.##### #.....#
#.##.#...........
......###.##.#.........#
#............#.#.#.....
#............#.#.#..#>##.
#.........####..@5Z......
#.........# #.#)#....#..
#.........####...........
#.###..........#.#.O.....
### #>...#..####.##......
#....##.## #.. ......
#....#...# ..........
##...##+## .#######.#
#...#.≈.#


You could see a shadow imp and a hound skeleton.

Vanquished Creatures
  Grinder (D:3)
  Sigmund (D:3)
  An ice beast (D:5)
  A phantom (D:4)
  2 ogres
  A gnoll sergeant (D:4)
  A water moccasin skeleton (D:4)
  A crimson imp (D:5)
  A bullfrog zombie (D:5)
  A hound (D:5)
  Crazy Yiuf (D:3)
  Jessica (D:3)
  Terence (D:2)
  2 worker ants (D:4)
  8 gnolls
  7 adders
  4 dart slugs
  2 leopard geckos
  4 orcs (D:3)
  3 ball pythons
  9 bats
  2 giant cockroaches
  7 goblins
  11 hobgoblins
  8 jackals
  A quokka (D:2)
  3 frilled lizards (D:2)
  2 kobolds (D:3)
  9 rats
96 creatures vanquished.

Notes
Turn   | Place    | Note
-------+----------+-------------------------------------------
     0 | D:1      | Error4North the Hill Orc Fighter began the quest for the
                  | Orb.
     0 | D:1      | Reached XP level 1. HP: 19/19 MP: 1/1
   104 | D:1      | Reached XP level 2. HP: 27/27 MP: 2/2
   617 | D:1      | Reached XP level 3. HP: 33/33 MP: 3/3
   727 | D:2      | Found a shattered altar of Ashenzari.
   752 | D:2      | Reached skill level 3 in Axes
  1004 | D:2      | Noticed Terence
  1014 | D:2      | Killed Terence
  1014 | D:2      | Reached XP level 4. HP: 33/41 MP: 4/4
  1334 | D:2      | Reached skill level 4 in Axes
  1334 | D:2      | Reached XP level 5. HP: 41/47 MP: 5/5
  1367 | D:2      | Noticed an ogre
  1373 | D:2      | Killed an ogre
  1484 | D:2      | Reached XP level 6. HP: 33/55 MP: 6/6
  1901 | D:3      | Noticed Grinder
  1916 | D:3      | Paralysed by Grinder for 5 turns
  1928 | D:3      | Killed Grinder
  1928 | D:3      | Reached skill level 5 in Fighting
  1928 | D:3      | Reached skill level 5 in Axes
  1928 | D:3      | Reached skill level 5 in Shields
  1928 | D:3      | Reached XP level 7. HP: 61/61 MP: 7/7
  2214 | D:3      | Noticed Sigmund
  2255 | D:3      | Killed Sigmund
  2255 | D:3      | Reached skill level 5 in Armour
  2303 | D:3      | Noticed Jessica
  2306 | D:3      | Killed Jessica
  2306 | D:3      | Reached skill level 6 in Axes
  2659 | D:3      | Found a runed translucent door.
  2660 | D:3      | Noticed Crazy Yiuf
  2668 | D:3      | Killed Crazy Yiuf
  2668 | D:3      | Reached skill level 1 in Evocations
  2761 | D:4      | Reached skill level 1 in Dodging
  3198 | D:4      | Reached XP level 8. HP: 57/70 MP: 7/9
  3866 | D:5      | Entered Level 5 of the Dungeon
  3922 | D:5      | Found a runed translucent door.
  3927 | D:5      | Noticed Grendash's ghost (novice DDFi)
  3958 | D:5      | Reached skill level 7 in Axes
  3961 | D:5      | Killed from afar by a shadow imp

Levels and vault maps discovered:
D:1:      dpeg_arrival_pits, layout_basic
D:2:      wander_river, layout_loops_ring, minmay_misc_feat_more_columns,
          st_stairs_11, serial_bayou_pond_c, evilmike_ruin_ashenzari,
          uniq_terence
D:3:      layout_basic, guppyfry_early_orc_mine, uniq_grinder,
          uniq_crazy_yiuf_cottage, uniq_jessica, uniq_sigmund
D:4:      layout_loops_ring, first_ration, lightli_minifort
D:5:      layout_basic, chequers_temple_overflow_minitemple,
          ebering_ghost_reflecting_pool

Skill      XL: |  1  2  3  4  5  6  7  8 |
---------------+-------------------------+-----
Fighting       | 4 5 6 |  6.1
Axes           | 3 4 5 6 7 |  7.0
Armour         | 4 5 |  5.9
Shields        | 4 5 6 |  6.4
Evocations     | 1 2 |  2.2
Dodging        | 1 |  1.2
Stealth        | |  0.5

Action                   |  1- 3 |  4- 6 |  7- 9 || total
-------------------------+-------+-------+-------++-------
Melee: War axe           |    82 |   107 |   135 ||   324
  Use: Potion            |     3 |     3 |     2 ||     8
       Scroll            |       |       |     3 ||     3
  Eat: Chunk             |       |     4 |     6 ||    10
Armor: Scale mail        |    52 |    61 |    35 ||   148
       Skin              |       |       |     6 ||     6
       Chain mail        |       |       |    22 ||    22
Dodge: Dodged            |    40 |    45 |    43 ||   128
Block: Kite shield       |    44 |    74 |    87 ||   205

Table legend:
 A = Non-vault XP
 B = Vault XP
 C = Vault XP percentage of total XP
 D = Non-vault monster count
 E = Vault monster count
 F = Vault count percentage of total count
                 A         B        C        D         E       F
            +---------+---------+-------+---------+---------+-------
      Total |     993 |     808 |  44.9 |      75 |      21 |  21.9
            +---------+---------+-------+---------+---------+-------
        D:1 |      45 |       0 |   0.0 |      24 |       0 |   0.0
        D:2 |     225 |      53 |  19.1 |      28 |       4 |  12.5
        D:3 |      69 |     588 |  89.5 |      13 |      11 |  45.8
        D:4 |     260 |     167 |  39.1 |       5 |       6 |  54.5
        D:5 |     394 |       0 |   0.0 |       5 |       0 |   0.0
            +---------+---------+-------+---------+---------+-------
